 Dungeon Crawl Stone Soup version 0.27.0-1-g7a089689b8 (console) character file.

Game seed: 12842787878505387567

42 jejorda2 the Caller (level 3, 0/43 HPs)
             Began as a Palentonga Summoner on Aug 8, 2021.
             Was a Follower of Trog.
             Frozen to death by an endoplasm (1 damage)
             ... on level 1 of the Dungeon.
             The game lasted 00:05:24 (1732 turns).

jejorda2 the Caller (Palentonga Summoner)           Turns: 1732, Time: 00:05:24

Health: 0/43       AC:  4    Str: 12    XL:     3   Next: 35%
Magic:  6/6        EV:  6    Int: 15    God:    Trog [*.....]
Gold:   94         SH:  6    Dex: 10    Spells: 5/6 levels left

rFire    . . .     SeeInvis +   a - +0 short sword
rCold    . . .     Faith    .   g - +0 kite shield
rNeg     . . .     Spirit   .   c - +0 robe
rPois    .         Reflect  .   (no helmet)
rElec    .         Harm     .   (no cloak)
rCorr    .         Rampage  .   (no gloves)
Will     .....                  (no barding)
Stlth    ..........             (no amulet)
HPRegen  0.14/turn              (no ring)
MPRegen  0.10/turn              (no ring)

@: berserking, very quick
A: large, rugged brown scales 3, see invisible, deformed body, roll 1, armoured
tail
a: Rolling Charge, Renounce Religion, Berserk


You were on level 1 of the Dungeon.
You worshipped Trog.
Trog was aware of your devotion.
You visited 1 branch of the dungeon, and saw 2 of its levels.

You collected 94 gold pieces.

Inventory:

Hand Weapons
 a - a +0 short sword (weapon)
 b - a +0 dagger
Missiles
 d - 32 stones
Armour
 c - a +0 robe (worn)
 g - a +0 kite shield (worn)
Scrolls
 e - a scroll of blinking {unknown}
 f - a scroll of enchant armour {unknown}
 i - a scroll of enchant weapon {unknown}
Potions
 h - a potion of curing {unknown}
 j - a potion of haste {unknown}


   Skills:
 + Level 2.8 Fighting
 + Level 0.3 Armour
 - Level 1.5 Dodging
 - Level 1.2 Stealth
 + Level 0.2 Shields
 - Level 2.0 Spellcasting
 - Level 3.2 Summonings


You had 5 spell levels left.
You knew the following spells:

 Your Spells              Type           Power      Damage    Failure   Level
a - Summon Small Mammal   Summ           44%        N/A       36%         1

Your spell library contained the following spells:

 Spells                   Type           Power      Damage    Failure   Level
 Call Imp                 Summ           11%        N/A       50%         2
 Call Canine Familiar     Summ           11%        N/A       75%         3
 Sandblast                Erth           2%         2d4       82%         1
 Summon Guardian Golem    Hex/Summ       6%         N/A       92%         3
 Summon Lightning Spire   Summ/Air       6%         N/A       100%        4


Dungeon Overview and Level Annotations

Branches:
Dungeon (2/15)

Altars:
Trog


Innate Abilities, Weirdness & Mutations

You are completely covered in rugged brown scales. (AC +3, +7% HP)
You have supernaturally acute eyesight. (SInv)
Armour fits poorly on your strangely shaped body.
You can roll at nearby foes to attack.
You have a long armoured tail.


Message History

There is a stone staircase leading up here.
Natasha stares at you and mumbles some strange words.
The magic dart hits you. The endoplasm barely misses you.
The shadow imp barely misses you.
You climb upwards.
The shadow imp disappears in a puff of smoke!
There is a stone staircase leading down here.
Unknown command.
Your shield prevents you from hitting Natasha.
You block Natasha's attack. The endoplasm freezes you.
You are frozen.
You hit Natasha but do no damage.
Your tail-slap misses Natasha.
Natasha claws you! The endoplasm freezes you.
You are frozen.
You barely miss Natasha. You tail-slap Natasha.
Natasha is heavily wounded.
You block Natasha's attack. The endoplasm freezes you.
You are frozen.
* * * LOW HITPOINT WARNING * * *
Natasha claws you.
* * * LOW HITPOINT WARNING * * *
The endoplasm hits you but does no damage.
A red film seems to cover your vision as you go berserk!
You feel yourself moving faster!
You feel mighty! Natasha claws you.
* * * LOW HITPOINT WARNING * * *
The endoplasm freezes you.
You are frozen.
* * * LOW HITPOINT WARNING * * *
You puncture Natasha!
You feel the power of Trog in you as your rage grows.
You kill Natasha!
Trog accepts your kill.
Trog appreciates your killing of a magic user.
Moaning pathetically, Natasha's spirit plunges into the ground.
The endoplasm freezes you.
You are frozen.
You die...

#.##### #.###### .## #.#
######### #.# ........# #.#
#######.# #.########### #####
#.# #...........# ....# #.#
###########.# ###.# #.#
############# ###.#### #.#
#.####...J@......###.......
#.###...)....######.........#.#
#............# ##...#####.....
##########...# ##..P#.(...#....
##)####...#.#####.#...
#....)..#.#.....#.#..
#####..#.#.#####.#.#.
#..#.#.#._.#.#.#.
#.(...^..^...^...


You could see an endoplasm.

Vanquished Creatures
  Natasha (D:1)
  An adder (D:2)
  3 dart slugs (D:1)
  2 endoplasms
  3 goblins (D:1)
  3 hobgoblins
  2 quokkas (D:1)
  2 ball pythons (D:1)
  A bat (D:1)
  A frilled lizard (D:1)
  4 kobolds (D:1)
  5 rats
28 creatures vanquished.

Vanquished Creatures (collateral kills)
  A goblin (D:1)
1 creature vanquished.

Vanquished Creatures (others)
  2 fungi (D:1)
  A plant (D:1)
3 creatures vanquished.

Grand Total: 32 creatures vanquished

Notes
Turn   | Place    | Note
-------+----------+-------------------------------------------
     0 | D:1      | jejorda2 the Palentonga Summoner began the quest for the
                  | Orb.
     0 | D:1      | Reached XP level 1. HP: 13/13 MP: 3/3
    72 | D:1      | Reached skill level 1 in Fighting
   392 | D:1      | Reached XP level 2. HP: 14/23 MP: 5/5
  1154 | D:1      | Reached XP level 3. HP: 25/29 MP: 6/6
  1251 | D:1      | Found a faded altar of an unknown god.
  1255 | D:1      | Got Plato's Reference Book on the Mountains
  1256 | D:1      | Became a worshipper of Trog the Wrathful
  1256 | D:1      | Reached * piety under Trog
  1720 | D:2      | Noticed Natasha
  1731 | D:1      | HP: 2/43 [Natasha (6)]
  1732 | D:1      | Killed Natasha
  1732 | D:1      | Frozen to death by an endoplasm

Illustrated notes

Levels and vault maps discovered:
D:1:      dpeg_arrival_simpleton_b, layout_loops_ring,
          shapermc_ecumenical_altar_rom_forum, st_stairs_2
D:2:      layout_basic, uniq_natasha

Skill      XL: |  1  2 |
---------------+-------+-----
Fighting       | 1 2 |  2.8
Armour         | |  0.3
Dodging        | |  1.5
Stealth        | |  1.2
Shields        | |  0.2
Spellcasting   | |  2.0
Summonings     | |  3.2

Action                   || total
-------------------------++-------
Melee: Unarmed           ||    15
       Dagger            ||    10
       Short sword       ||    71
       Tailslap          ||    11
 Cast: Summon Small Mamm ||     4
Invok: Berserk           ||     1
 Abil: Rolling Charge    ||    25
Armor: Robe              ||    26
Dodge: Dodged            ||    43
Block: Kite shield       ||     5
